 Dungeon Crawl Stone Soup version 0.24.0-123-gd5b16e6ec5 (webtiles) character file.

Game seed: 16650397441593670095, levelgen mode: deterministic

207 McKennaii the Conjurer (level 5, -6/38 HPs)
             Began as a Draconian Conjurer on Jan 25, 2020.
             Killed from afar by Ijyb (8 damage)
             ... with a bolt of acid
             ... on level 3 of the Dungeon.
             The game lasted 00:04:42 (3171 turns).

McKennaii the Conjurer (Draconian Conjurer)         Turns: 3171, Time: 00:04:43

Health: -6/38      AC:  5    Str: 10    XL:     5   Next: 54%
Magic:  1/9        EV: 12    Int: 16    God:
Gold:   238        SH:  0    Dex: 12    Spells: 9/10 levels left

rFire    . . .     SeeInvis .   (no weapon)
rCold    . . .     Gourm    .   (no shield)
rNeg     . . .     Faith    .   (armour unavailable)
rPois    .         Spirit   .   (helmet restricted)
rElec    .         Reflect  .   (no cloak)
rCorr    .         Harm     .   (no gloves)
MR       .....                  (no boots)
Stlth    ++........             (no amulet)
HPRegen  0.12/turn              (no ring)
MPRegen  0.11/turn              (no ring)

@: very slightly contaminated
A: unfitting armour, cold-blooded, AC +5
a: no special abilities


You were on level 3 of the Dungeon.
You were not hungry.

You visited 1 branch of the dungeon, and saw 3 of its levels.

You collected 238 gold pieces.

Inventory:

Scrolls
 c - 2 scrolls of blinking {unknown}
 d - 2 scrolls of fear {unknown}
 f - 3 scrolls of remove curse {unknown}
 h - a scroll of amnesia {unknown}
 i - a scroll of immolation {unknown}
 j - 4 scrolls of identify {unknown}
 m - a scroll of enchant armour {unknown}
 o - a scroll of teleportation {unknown}
Potions
 a - 3 potions of lignification {unknown}
 e - a potion of ambrosia {unknown}
 g - a potion of haste {unknown}
 k - 3 potions of curing {unknown}
 l - a potion of agility
 n - a potion of brilliance {unknown}
 p - a potion of berserk rage {unknown}
Comestibles
 b - 3 rations


   Skills:
 + Level 0.1 Fighting
 + Level 2.4 Dodging
 + Level 2.4 Stealth
 + Level 3.2 Spellcasting
 + Level 5.5 Conjurations


You had 9 spell levels left.
You knew the following spells:

 Your Spells              Type           Power        Failure   Level  Hunger
a - Magic Dart            Conj           ###.         1%          1    None

Your spell library contained the following spells:

 Spells                   Type           Power        Failure   Level  Hunger
 Searing Ray              Conj           ###...       2%          2    ##.....
 Dazzling Spray           Conj/Hex       ##....       17%         3    ###....
 Iskenderun's Mystic Bla  Conj           ###.....     19%         4    ####...
 Force Lance              Conj/Tloc      ##......     50%         4    ####...
 Fulminant Prism          Conj/Hex       ##........   50%         4    ####...


Dungeon Overview and Level Annotations

Branches:
Dungeon (3/15)

Altars:
Cheibriados
Gozag
Ru
Wu Jian
Xom
Zin

Annotations:
D:3 Ijyb


Innate Abilities, Weirdness & Mutations

Your plain brown scales are hard. (AC +5)
You cannot fit into any form of body armour.
You are cold-blooded and may be slowed by cold attacks.


Message History

Aim: Ijyb, wearing a +0 leather armour and carrying a wand of acid (8) (heavily wounded, unusually resistant)
You miscast Magic Dart.
You are very lightly contaminated with residual magic.
You feel a strange surge of energy!
Casting: Magic Dart (safe; 1% risk of failure)
Confirm with . or Enter, or press ? or * to list all spells.
Aiming: Magic Dart (safe; 1% risk of failure)
Press: ? - help, Shift-Dir - straight line, f/p - Ijyb
Aim: Ijyb, wearing a +0 leather armour and carrying a wand of acid (8) (heavily wounded, unusually resistant)
The magic dart hits Ijyb.
Ijyb is severely wounded.
Casting: Magic Dart (safe; 1% risk of failure)
Confirm with . or Enter, or press ? or * to list all spells.
You don't have enough magic to cast that spell.
Unknown command.
You aren't carrying any items that you can evoke.
You hit Ijyb but do no damage.
Ijyb is severely wounded.
Ijyb zaps a wand.
The bolt of acid hits you!
You die...

#...........#
#.........
#....#...)..#
#.........
######......#
#........# #.....##
#......... ####.....#
#.[....... #........#
#......#.. #........#
#......#.. #........#
#......... #.....@..#
#........#
#.....g......#........#
#............####.....#
#............# #<....#
#............# #.....#
#............# #.....#
#............# #.....#
#####........# #......
######.


You could see Ijyb.

Vanquished Creatures
  Natasha (thrice) (D:3)
  Robin (D:2)
  5 adders
  2 worms
  4 dart slugs
  An orc (D:3)
  A giant cockroach (D:2)
  9 hobgoblins
  4 jackals (D:3)
  A quokka (D:3)
  5 bats
  3 frilled lizards
  16 goblins
  2 kobolds
  2 rats (D:1)
59 creatures vanquished.

Notes
Turn   | Place    | Note
-------+----------+-------------------------------------------
     0 | D:1      | McKennaii the Draconian Conjurer began the quest for the
                  | Orb.
     0 | D:1      | Reached XP level 1. HP: 14/14 MP: 3/3
   177 | D:1      | Reached XP level 2. HP: 20/20 MP: 0/5
   837 | D:2      | Reached XP level 3. HP: 26/26 MP: 2/6
   999 | D:2      | Noticed Robin
  1027 | D:2      | Killed Robin
  1027 | D:2      | Reached skill level 5 in Conjurations
  1370 | D:2      | Found a shimmering altar of Xom.
  1480 | D:2      | Reached XP level 4. HP: 33/33 MP: 4/7
  2037 | D:3      | Found a glowing silver altar of Zin.
  2037 | D:3      | Found an opulent altar of Gozag.
  2291 | D:3      | Found a sacrificial altar of Ru.
  2335 | D:3      | Found a snail-covered altar of Cheibriados.
  2335 | D:3      | Found an ornate altar of the Wu Jian Council.
  2690 | D:3      | Noticed Natasha
  2704 | D:3      | Killed Natasha
  2704 | D:3      | Reached XP level 5. HP: 10/38 MP: 0/9
  2943 | D:3      | Noticed Natasha
  2951 | D:3      | Killed Natasha
  2960 | D:3      | Noticed Natasha
  2964 | D:3      | Killed Natasha
  3161 | D:3      | Noticed Ijyb
  3171 | D:3      | Killed from afar by Ijyb

Levels and vault maps discovered:
D:1:      eino_arrival_druids_welcome, layout_rooms
D:2:      layout_basic, lemuel_crystal_altar, minivault_23, uniq_robin
D:3:      minmay_wonky_spiral, layout_basic,
          grunt_temple_overflow_gold_and_silver, nicolae_ru_awakened_eye,
          amethyst_overflow_temple_binary, first_ration, uniq_natasha, uniq_ijyb

Skill      XL: |  1  2  3  4 |
---------------+-------------+-----
Stealth        | 2 |  2.4
Conjurations   | 5 |  5.5
Dodging        | 2 |  2.4
Spellcasting   | 3 |  3.2
Fighting       | |  0.1

Action                   |  1- 3 |  4- 6 || total
-------------------------+-------+-------++-------
Melee: Unarmed           |    30 |    39 ||    69
       Tailslap          |     5 |     4 ||     9
 Cast: Magic Dart        |    58 |    93 ||   151
  Eat: Chunk             |     2 |     6 ||     8
Armor: Skin              |     8 |    28 ||    36
Dodge: Dodged            |    27 |    62 ||    89
